 Dungeon Crawl Stone Soup version 0.31-a0-1237-gabc64e778c (webtiles) character file.

Game seed: 3878631621999772145

113 timneilson the Ruffian (level 4, -3/29 HPs)
             Began as an Octopode Shapeshifter on Dec 16, 2023.
             Splashed by a jelly's acid (6 damage)
             ... on level 4 of the Dungeon.
             The game lasted 00:04:18 (2079 turns).

timneilson the Ruffian (Octopode Shapeshifter)      Turns: 2079, Time: 00:04:19

Health: -3/29      AC: -7    Str: 15    XL:     4   Next: 96%
Magic:  4/4        EV: 14    Int: 12    God:
Gold:   1062       SH:  0    Dex: 17    Spells: 3/3 levels left

rFire   . .          .
                       - Unarmed
rCold   . . .        (no shield)
rNeg    . . .        (helmet currently unavailable)
rPois   +            (no amulet)
rElec   .            d - +6 ring of dexterity
rCorr   .            j - ring of poison resistance
SInv    .            (no ring)
Will    .....        (no ring)
Stlth   +++          (no ring)
HPRegen 0.24/turn    (no ring)
MPRegen 0.09/turn    (no ring)
                     (no ring)

%: no passive effects
@: beast-form, corroded, studying Evocations
A: beast (slay +1), almost no armour, amphibious, 8 rings, camouflage 1,
gelatinous body 1, (nimble swimmer 1), tentacles
a: Begin Untransformation


You were on level 4 of the Dungeon.
You were a hulking beast.
You visited 1 branch of the dungeon, and saw 4 of its levels.

You collected 1062 gold pieces.

Inventory:

Jewellery
 d - a +6 ring of dexterity (left tentacle)
 j - a ring of poison resistance (right tentacle)
Talismans
 b - a beast talisman
 c - a flux talisman
Scrolls
 e - 2 scrolls of fog
Potions
 a - a potion of lignification
 f - a potion of resistance
 g - 2 potions of mutation
 h - a potion of haste
 i - a potion of brilliance
 l - 4 potions of attraction
 p - a potion of ambrosia
 q - a potion of heal wounds {unknown}


   Skills:
 * Level 2.1 Fighting
 * Level 3.0 Dodging
 + Level 2.0 Stealth
 * Level 3.6 Unarmed Combat
 * Level 3.4 Shapeshifting


You had 3 spell levels left.
You didn't know any spells.
Your spell library contained the following spells:

 Spells                   Type           Power      Damage    Failure   Level
 Foxfire                  Conj/Fire      0%         2x1d4     32%         1
 Hailstorm                Conj/Ice       0%         3d5       69%         3
 Anguish                  Hex/Necr       0%         N/A       97%         4
 Summon Ice Beast         Ice/Summ       0%         N/A       97%         4
 Summon Forest            Summ/Tloc      0%         N/A       100%        5
 Plasma Beam              Fire/Air       0%         2x1d10    100%        6
 Simulacrum               Ice/Necr       0%         N/A       100%        6
 Starburst                Conj/Fire      0%         6d3       100%        6


Dungeon Overview and Level Annotations

Branches:
Dungeon (4/15)
 Temple: D:4-7

Altars:
Wu Jian


Innate Abilities, Weirdness & Mutations

You are a hulking beast.
Your limbs bulge with bestial killing power. (Slay +1)
You cannot wear most types of armour.
You are amphibious.
You can wear up to eight rings at the same time.
Your skin changes colour to match your surroundings (Stealth+).
Your rubbery body absorbs attacks. (AC +1, EV +1)
((You are camouflaged when in or above water. (Stealth+)))
You have tentacles for arms and can constrict up to eight enemies at once.


Message History

As you read the scroll of identify, it crumbles to dust.
i - a potion of brilliance
As you read the scroll of identify, it crumbles to dust.
k - a potion of degeneration
As you read the scroll of identify, it crumbles to dust.
p - a potion of ambrosia You drop a potion of degeneration.
Things that are here:
a +0 ring mail; 3 stones
There is a stone staircase leading down here.
You climb downwards.
Found 14 gold pieces and 5 stones.
There is a stone staircase leading up here.
You now have 1062 gold pieces (gained 14).
As you open the door, it creaks loudly!
There is an open door here.
Found a short sword.
You open the door.
There is an open door here.
You open the door.
There is an open door here.
There is an open door here.
A jelly comes into view.
You tentacle-slap the jelly.
Your tentacles burn!
The jelly is moderately wounded.
You tentacle-slap the jelly. The acid corrodes you!
Your tentacles burn!
The jelly is heavily wounded.
The jelly hits you.
You are splashed with acid!
You tentacle-slap the jelly.
Your tentacles burn!
* * * LOW HITPOINT WARNING * * *
The jelly is heavily wounded.
The jelly completely misses you.
You tentacle-slap the jelly.
Your tentacles burn!
* * * LOW HITPOINT WARNING * * *
You squeeze the jelly.
The jelly is severely wounded.
The jelly hits you.
* * * LOW HITPOINT WARNING * * *
The acid corrodes you!
You are splashed with acid.
You die...

............#
............#
............#####+#####
#######....(..........#
.#....#...............#
.'....#...............#
.#....#...............+
.#....'...............#
.#....#.........hJ....#
###'###...............#
..............#######...
..............# .
..............#
..............#
..............#
..........)...#
###############


You could see a jelly.

Vanquished Creatures
  4 adders
  2 ufetubi (D:3)
  3 worms
  An orc (D:3)
  7 bats
  6 endoplasms
  2 giant cockroaches (D:3)
  4 goblins
  5 hobgoblins
  2 jackals (D:2)
  2 kobolds
  4 quokkas
  6 ball pythons
  A frilled lizard (D:1)
  6 rats
55 creatures vanquished.

Notes
Turn   | Place    | Note
-------+----------+-------------------------------------------
     0 | D:1      | timneilson the Octopode Shapeshifter began the quest for
                  | the Orb.
     0 | D:1      | Reached XP level 1. HP: 13/13 MP: 1/1
   187 | D:1      | Reached XP level 2. HP: 11/18 MP: 2/2
   290 | D:1      | Got Niegh's Catalogue of Transposition and Obstruction
  1015 | D:2      | Reached skill level 1 in Stealth
  1015 | D:2      | Reached XP level 3. HP: 23/23 MP: 3/3
  1092 | D:2      | Reached XP level 4. HP: 29/29 MP: 4/4
  1948 | D:3      | Found an ornate altar of the Wu Jian Council.
  1995 | D:3      | Identified 2 scrolls of acquirement
  1995 | D:3      | Acquired 908 gold pieces
  1998 | D:3      | Acquired a manual of Evocations
  2079 | D:4      | Splashed by a jelly's acid

Illustrated notes

Levels and vault maps discovered:
D:1:      dpeg_arrival_boxes_within_box, layout_loops_corners, st_stairs_7
D:2:      layout_basic
D:3:      layout_rooms, nzn_wu_jian_council_hall
D:4:      layout_gridville, temple_hall

Skill      XL: |  1  2  3  4 |
---------------+-------------+-----
Stealth        | 1 2 |  2.0
Fighting       | 2 |  2.1
Dodging        | 3 |  3.0
Unarmed Combat | |  3.6
Shapeshifting  | |  3.4

Action                     |  1- 3 |  4- 6 || total
---------------------------+-------+-------++-------
  Melee: Unarmed           |    46 |    48 ||    94
         Constrict         |    15 |    11 ||    26
         Tentacles         |     7 |     7 ||    14
         Punch             |     2 |       ||     2
    Use: Scroll            |     2 |    11 ||    13
   Stab: Sleeping          |     7 |     4 ||    11
 Armour: Skin              |    23 |    18 ||    41
  Dodge: Dodged            |    20 |    32 ||    52

Table legend: (Time is in decaauts)
 A = Elapsed time spent in this place.
 B = Non-inter-level travel time spent in this place.
 C = Inter-level travel time spent in this place.
 D = Time resting spent in this place.
 E = Time spent auto-exploring this place.
 F = Levels seen in this place.
 G = Mean time per level.
                   A        B        C        D        E       F      G
               +--------+--------+--------+--------+--------+-----+--------+
         Total |   2072 |   2036 |     36 |     47 |   1575 |   4 |  518.0 |
       Dungeon |   2072 |   2036 |     36 |     47 |   1575 |   4 |  518.0 |
               +--------+--------+--------+--------+--------+-----+--------+

Top non-repeatable levels by time:
     D:1: 934 daAuts
     D:3: 547 daAuts
     D:2: 543 daAuts
     D:4: 47 daAuts
